 Dungeon Crawl Stone Soup version 0.30-a0-949-g53dc5368d7 (webtiles) character file.

Game seed: 6600094991729511065

12845 mopl the Severer (level 11, -9/99 HPs)
             Began as a Hill Orc Fighter on Mar 27, 2023.
             Was an Elder of Beogh.
             Mangled by a death yak simulacrum (17 damage)
             ... in an ice cave.
             The game lasted 00:15:54 (10395 turns).

mopl the Severer (Hill Orc Fighter)                Turns: 10395, Time: 00:15:55

Health: -9/99      AC: 12    Str: 20    XL:     11   Next: 99%
Magic:  11/11      EV: 14    Int:  8    God:    Beogh [****..]
Gold:   879        SH:  5    Dex: 14    Spells: 10/10 levels left

rFire   . . .      SeeInvis .    a - +5 battleaxe (freeze)
rCold   . . .      Faith    .    (shield currently unavailable)
rNeg    . . .      Spirit   .    F - +0 acid dragon scales
rPois   +          Reflect  +    (no helmet)
rElec   .          Rampage  .    o - +1 cloak
rCorr   +                        c - +0 pair of gloves
Will    .....                    (no boots)
Stlth   +                        n - amulet of reflection
HPRegen 0.36/turn                I - ring of poison resistance
MPRegen 0.12/turn                B - +4 ring of slaying

@: no status effects
A: no striking features
a: Renounce Religion, Smiting, Recall Orcish Followers


You were in an ice cave.
You worshipped Beogh.
Beogh was greatly pleased with you.
You visited 1 branch of the dungeon, and saw 12 of its levels.
You also visited: Sewer and Ice Cave.

You collected 979 gold pieces.
You spent 100 gold pieces at shops.

Inventory:

Hand Weapons
 a - a +5 battleaxe of freezing (weapon)
 v - a +2 dagger of venom
 Q - a +0 scimitar of flaming
Missiles
 j - 32 poisoned darts (quivered)
 H - 2 boomerangs
 L - 3 curare-tipped darts
Armour
 c - a +0 pair of gloves (worn)
 m - a scarf of invisibility
 o - a +1 cloak (worn)
 F - +0 acid dragon scales (worn)
Jewellery
 n - an amulet of reflection (around neck)
 p - a ring of magical power
 s - a ring of flight
 x - a +6 ring of dexterity
 B - a +4 ring of slaying (right hand)
 C - a ring of see invisible
 I - a ring of poison resistance (left hand)
Wands
 r - a wand of charming (2)
 E - a wand of flame (46)
Scrolls
 g - 8 scrolls of identify
 h - 7 scrolls of teleportation
 i - 2 scrolls of fear {unknown}
 k - 5 scrolls of immolation {unknown}
 t - 7 scrolls of vulnerability {unknown}
 u - 3 scrolls of poison {unknown}
 w - 2 scrolls of torment {unknown}
 y - a scroll of magic mapping {unknown}
 z - a scroll of enchant weapon {unknown}
 D - a scroll of amnesia {unknown}
 J - a scroll of brand weapon {unknown}
 K - a scroll of silence {unknown}
 N - 2 scrolls of noise {unknown}
 O - a scroll of acquirement {unknown}
 P - 2 scrolls of blinking {unknown}
 R - a scroll of fog {unknown}
Potions
 b - 6 potions of flight
 d - 3 potions of might
 e - 2 potions of lignification {!q}
 f - 8 potions of curing
 l - 3 potions of magic
 q - 3 potions of brilliance
 A - 4 potions of heal wounds
 G - 3 potions of ambrosia
 M - a potion of invisibility


   Skills:
 + Level 9.6 Fighting
 + Level 15.4 Axes
 + Level 6.6 Throwing
 + Level 8.7 Armour
 + Level 6.1 Dodging
 - Level 3.2 Shields


You had 10 spell levels left.
You didn't know any spells.
Your spell library contained the following spells:

 Spells                   Type           Power      Damage    Failure   Level
 Beastly Appendage        Tmut           0%         N/A       47%         1
 Kiss of Death            Conj/Necr      0%         2d5       47%         1
 Sandblast                Erth           0%         2d4       47%         1
 Sting                    Tmut/Pois      0%         1d3       47%         1
 Blink                    Tloc           0%         N/A       63%         2
 Ensorcelled Hibernation  Hex/Ice        0%         N/A       63%         2
 Lesser Beckoning         Tloc           0%         N/A       63%         2
 Momentum Strike          Conj/Tloc      0%         3d8       63%         2
 Passwall                 Tmut/Erth      0%         N/A       63%         2
 Wereblood                Tmut           0%         N/A       63%         2
 Confusing Touch          Hex            0%         N/A       85%         3
 Spider Form              Tmut/Pois      0%         N/A       85%         3
 Stone Arrow              Conj/Erth      0%         3d7       85%         3
 Anguish                  Hex/Necr       0%         N/A       99%         4
 Dispel Undead            Necr           0%         3d6       99%         4
 Passage of Golubria      Tloc           0%         N/A       99%         4
 Silence                  Hex/Air        0%         N/A       100%        5
 Enfeeble                 Hex            0%         N/A       100%        7
 Borgnjor's Revivificati  Necr           0%         N/A       100%        8
 Lehudib's Crystal Spear  Conj/Erth      0%         10d2      100%        8
 Necromutation            Tmut/Necr      0%         N/A       100%        8
 Death's Door             Necr           0%         N/A       100%        9


Dungeon Overview and Level Annotations

Branches:
Dungeon (12/15)            Temple (0/1) D:5             Orc (0/2) D:12
  Sewer (visited)           IceCv (1/1)
   Lair: D:8-11

Altars:
Ashenzari
Cheibriados
Elyvilon
Fedhas
Gozag
Okawaru
Ru
Sif Muna
Trog
Vehumet
Xom
Zin
The Shining One

Shops:
D:4 *   D:5 *([[[:

Annotations:
D:6 3 runed translucent doors, clease's ghost, novice DsFE


Message History

Unknown command.
You slash the two-headed ogre simulacrum!
The two-headed ogre simulacrum vaporises!
Beogh accepts your kill.
You can now recall your orcish followers.
You hit the death yak simulacrum but do no damage.
The death yak simulacrum gores you!
* * * LOW HITPOINT WARNING * * *
The death yak simulacrum freezes you!!
* * * LOW HITPOINT WARNING * * *
Press: ? - help, v - describe, . - travel An ice covered rock wall.
Unknown command.
There is an ice choked empty arch of ancient stone here.
There is an ice covered gate leading back out of this place here.
Aiming: Throw Flame
Press: ? - help, Shift-Dir - straight line, f - death yak simulacrum
Aim: a death yak simulacrum (100% to hit)
The puff of flame hits the death yak simulacrum.
The death yak simulacrum melts!
The death yak simulacrum is lightly damaged.
Unknown command.
Aiming: Throw Flame
Press: ? - help, Shift-Dir - straight line, f/p - death yak simulacrum
Aim: a death yak simulacrum (lightly damaged, 100% to hit)
The puff of flame hits the death yak simulacrum.
The death yak simulacrum melts!
The death yak simulacrum is lightly damaged.
Unknown command.
Aiming: Charm
Press: ? - help, Shift-Dir - straight line, f/p - death yak simulacrum
Aim: a death yak simulacrum (lightly damaged, chance to affect: 50%)
The death yak simulacrum resists with some effort.
Unknown command.
Aiming: Charm
Press: ? - help, Shift-Dir - straight line, f/p - death yak simulacrum
Aim: a death yak simulacrum (lightly damaged, chance to affect: 50%)
The death yak simulacrum resists with some effort.
The death yak simulacrum gores you!
You die...

#...##
#...##
##...#
##...##
##.....##
#...∩...#
#.......#
##..Z..##
##.@.##
#####


You could see a death yak simulacrum.

Vanquished Creatures
  A boulder beetle (D:12)
  A catoblepas (D:8)
  Pikel (D:7)
  A manticore (D:11)
  2 rime drakes (D:11)
  A kobold demonologist (D:10)
  3 trolls
  Prince Ribbit (D:5)
  Grinder (D:5)
  4 shadows
  15 yaks
  A wraith (D:5)
  A wyvern (D:9)
  A ynoxinul (D:9)
  A steam dragon (D:7)
  7 vampire mosquitoes
  A death yak simulacrum (IceCv)
  Edmund (D:6)
  The ghost of hackum the Skirmisher, an amateur DEHu (D:4)
  A hell hound (D:11)
  2 acid dragons
  4 orc warriors
  2 sky beasts
  2 black bears
  A wolf (D:11)
  7 centaurs
  2 lemures (D:7)
  A phantom (D:12)
  4 kobold brigands
  5 bullfrogs
  5 scorpions
  3 two-headed ogre simulacra (IceCv)
  A cane toad simulacrum (IceCv)
  A wyvern skeleton (D:4)
  3 elephant simulacra (IceCv)
  3 troll zombies (D:12)
  2 howler monkeys
  2 electric eels (D:11)
  A centaur zombie (D:4)
  3 orc priests
  7 hounds
  An iguana (D:5)
  Terence (D:2)
  2 bullfrog skeletons (D:4)
  6 orc wizards
  A sickly merfolk siren (Sewer)
  A polar bear simulacrum (IceCv)
  A malarious merfolk avatar (Sewer)
  A wolf simulacrum (IceCv)
  3 ogre zombies (D:12)
  3 river rats (Sewer)
  9 adders
  6 gnolls
  4 white imps
  2 ufetubi
  3 worms
  3 dart slugs
  21 orcs
  4 bats (D:1)
  9 endoplasms
  11 giant cockroaches
  6 goblins
  10 hobgoblins
  3 jackals (D:4)
  29 kobolds
  5 quokkas
  12 ball pythons
  12 frilled lizards
  A goblin skeleton (D:12)
  3 goblin zombies (D:12)
  2 hobgoblin skeletons (D:12)
  An orc skeleton (D:12)
  12 orc zombies (D:12)
  28 rats
323 creatures vanquished.

Vanquished Creatures (collateral kills)
  An elephant simulacrum (IceCv)
  A gnoll bouda (D:6)
  A gnoll (D:6)
3 creatures vanquished.

Vanquished Creatures (others)
  An ice beast (D:6)
  An orc priest (D:7)
  An orc wizard (D:9)
  2 orcs (D:7)
  A fungus (D:6)
  9 plants
15 creatures vanquished.

Grand Total: 341 creatures vanquished

Notes
Turn   | Place    | Note
-------+----------+-------------------------------------------
     0 | D:1      | mopl the Hill Orc Fighter began the quest for the Orb.
     0 | D:1      | Reached XP level 1. HP: 19/19 MP: 1/1
    83 | D:1      | Reached skill level 3 in Axes
   175 | D:1      | Reached XP level 2. HP: 23/26 MP: 2/2
   211 | D:1      | Reached skill level 4 in Axes
   452 | D:1      | Reached XP level 3. HP: 31/31 MP: 3/3
  1032 | D:2      | Reached skill level 5 in Axes
  1144 | D:2      | Noticed Terence
  1150 | D:2      | Killed Terence
  1151 | D:2      | Reached XP level 4. HP: 29/39 MP: 4/4
  1246 | D:2      | Reached skill level 6 in Axes
  1705 | D:2      | Found Cikaf's Antique Weapon Shoppe.
  1793 | D:3      | Found a shimmering altar of Xom.
  1793 | D:3      | Noticed an angel
  1799 | D:3      | Found a glowing silver altar of Zin.
  1831 | D:3      | Reached XP level 5. HP: 37/43 MP: 5/5
  1855 | D:3      | Found a glowing drain.
  1876 | Sewer    | Entered a sewer
  1911 | Sewer    | Reached skill level 7 in Axes
  2105 | Sewer    | Reached skill level 8 in Axes
  2105 | Sewer    | Reached XP level 6. HP: 49/51 MP: 6/6
  2523 | D:3      | Found a broken altar of Ashenzari.
  2869 | D:4      | Reached skill level 9 in Axes
  2960 | D:4      | Reached XP level 7. HP: 48/57 MP: 7/7
  2963 | D:4      | Found a transporter.
  3064 | D:4      | Found Ihovvaphacs's Neck Hole.
  3173 | D:4      | Reached skill level 10 in Axes
  3292 | D:4      | Found a transporter.
  3296 | D:4      | Noticed hackum's ghost (amateur DEHu)
  3640 | D:5      | Entered Level 5 of the Dungeon
  3646 | D:5      | Found Codad's Weapon Shop.
  3916 | D:5      | Found Doatothrast's Antique Armour Boutique.
  3945 | D:5      | Found a staircase to the Ecumenical Temple.
  4041 | D:5      | Found Bafauq's Antique Armour Emporium.
  4074 | D:5      | Found Maph's Self-Improvement Boutique.
  4251 | D:5      | Noticed Prince Ribbit
  4251 | D:5      | Noticed Grinder
  4256 | D:5      | Paralysed by Grinder for 4 turns
  4306 | D:6      | Reached skill level 11 in Axes
  4462 | D:6      | Found a radiant altar of Vehumet.
  4564 | D:6      | Found a runed translucent gate.
  4564 | D:6      | Found a runed translucent gate.
  4564 | D:6      | Found a runed translucent gate.
  4586 | D:6      | Found a sacrificial altar of Ru.
  4586 | D:6      | Found a blossoming altar of Fedhas.
  4600 | D:6      | Reached XP level 8. HP: 64/64 MP: 8/8
  4619 | D:6      | Reached skill level 12 in Axes
  4765 | D:6      | Noticed Edmund
  4775 | D:6      | Killed Edmund
  4842 | D:6      | Noticed clease's ghost (novice DsFE)
  5058 | D:6      | Reached skill level 4 in Fighting
  5234 | D:7      | Found an opulent altar of Gozag.
  5274 | D:7      | Reached skill level 1 in Throwing
  5274 | D:7      | Reached skill level 1 in Dodging
  5292 | D:7      | Became a worshipper of Beogh the Brigand
  5299 | D:7      | Reached skill level 4 in Armour
  5556 | D:7      | Noticed Pikel
  5562 | D:7      | Reached skill level 2 in Throwing
  5562 | D:7      | Reached XP level 9. HP: 49/73 MP: 9/9
  5576 | D:7      | Killed Pikel
  5577 | D:7      | Reached skill level 5 in Fighting
  5577 | D:7      | Reached skill level 13 in Axes
  5577 | D:7      | Reached skill level 2 in Dodging
  6042 | D:7      | Reached skill level 5 in Armour
  6073 | D:7      | Found a snail-covered altar of Cheibriados.
  6077 | D:7      | Found a white marble altar of Elyvilon.
  6129 | D:8      | Reached skill level 3 in Throwing
  6174 | D:8      | Reached skill level 6 in Fighting
  6174 | D:8      | Reached skill level 3 in Dodging
  6285 | D:8      | Noticed a catoblepas
  6570 | D:8      | Killed a catoblepas
  6570 | D:8      | Reached * piety under Beogh
  6571 | D:8      | Reached skill level 4 in Throwing
  6571 | D:8      | Reached skill level 6 in Armour
  6571 | D:8      | Reached XP level 10. HP: 37/84 MP: 10/10
  7032 | D:8      | Found a glowing golden altar of the Shining One.
  7265 | D:4      | Reached skill level 7 in Fighting
  7268 | D:4      | Killed hackum's ghost
  7269 | D:4      | Reached skill level 4 in Dodging
  7345 | D:5      | Found Muos's Armour Emporium.
  7359 | D:5      | Killed Prince Ribbit
  7360 | D:5      | Reached skill level 14 in Axes
  7367 | D:5      | Paralysed by Grinder for 5 turns
  7374 | D:5      | Killed Grinder
  7386 | D:5      | Found an iron altar of Okawaru.
  7569 | D:5      | Found Lillet's Assorted Antiques.
  7586 | D:5      | Bought a scroll labelled GOFUEGORAO for 25 gold pieces
  7586 | D:5      | Bought a scroll labelled OSOOLY BOLAPA for 25 gold pieces
  7586 | D:5      | Bought a scroll of identify for 50 gold pieces
  7727 | D:9      | Reached skill level 7 in Armour
  7730 | D:9      | Reached skill level 5 in Throwing
  8001 | D:9      | Reached ** piety under Beogh
  8002 | D:9      | Reached skill level 8 in Fighting
  8172 | D:9      | Found a shimmering blue altar of Sif Muna.
  8187 | D:9      | Got Sif Muna's Almanac of Permutations and the Cure
  8196 | D:9      | Reached XP level 11. HP: 89/94 MP: 11/11
  8196 | D:9      | Found a bloodstained altar of Trog.
  8848 | D:10     | Entered Level 10 of the Dungeon
  8970 | D:10     | Reached skill level 5 in Dodging
  8986 | D:10     | Noticed a sixfirhy
  9362 | D:10     | You fall into a shaft and drop 2 floors!
  9497 | D:12     | Found a staircase to the Orcish Mines.
  9601 | D:12     | Noticed a boulder beetle
  9617 | D:12     | Reached skill level 8 in Armour
  9623 | D:12     | Killed a boulder beetle
  9623 | D:12     | Reached *** piety under Beogh
  9624 | D:12     | Reached skill level 9 in Fighting
  9624 | D:12     | Reached skill level 15 in Axes
  9624 | D:12     | Reached skill level 6 in Throwing
 10111 | D:11     | Noticed a manticore
 10117 | D:11     | Killed a manticore
 10211 | D:11     | Reached skill level 6 in Dodging
 10211 | D:11     | Found a frozen archway.
 10221 | IceCv    | Entered an ice cave
 10379 | IceCv    | Reached **** piety under Beogh
 10379 | IceCv    | HP: 2/99 [death yak simulacrum (21)]
 10395 | IceCv    | Mangled by a death yak simulacrum

Illustrated notes

Levels and vault maps discovered:
D:1:      dpeg_arrival_oval, layout_basic, hangedman_decor_lopped,
          chequers_serial_rivers_micro_b, minmay_pentomino_q4
D:2:      wander_river, layout_loops_ring, serial_shops, nicolae_lakefront_shop,
          lexackson_kobold_supper, uniq_terence
D:3:      layout_basic, grunt_temple_overflow_order_and_chaos_1,
          general_overflow_altar, gup_sewer_entry_pipe, serial_bayou_pond_c
D:4:      layout_basic, gammafunk_ghost_mausoleum, nrook_loot_triangle,
          nicolae_shop_sticking_my_neck_out
D:5:      layout_loops_corners, kennysheep_okawaru_gauntlet, temple_doors_e,
          serial_shops, shop, shop_coins, kennysheep_little_box, shop, shop,
          nicolae_shop_self_help, uniq_grinder, uniq_prince_ribbit1
D:6:      layout_basic, amcnicky_altar_gilded, jmf_multi_god_temple,
          gammafunk_ghost_nasty_kobolds, uniq_edmund
D:7:      layout_rooms, nicolae_gozag_seed_capital,
          nicolae_overflow_hidden_temple, uniq_pikel
D:8:      layout_cave_pools, nicolae_tso_carved_into_rock,
          small_chamber_with_monster
D:9:      layout_irregular_city, nzn_overflow_gifts_of_might_and_magic
D:10:     layout_small_grid, mainiacjoe_overflow_cross_hatched,
          marbit_many_paths
D:11:     layout_gridville, erik_lair_island, portal_ice_cave_rime
D:12:     layout_roguey, zombieorc1_lemuel, uniq_azrael, uniq_fannar
IceCv:    ice_cave_small_necro

Skill      XL: |  1  2  3  4  5  6  7  8  9 10 11 |
---------------+----------------------------------+-----
Axes           | 3 4 5 6 8 9 11 12 13 14 15 | 15.4
Fighting       | 4 6 8 9 |  9.6
Throwing       | 2 4 5 6 |  6.6
Dodging        | 1 3 4 6 |  6.1
Armour         | 4 6 7 8 |  8.7
Shields        | |  3.2

Action                     |  1- 3 |  4- 6 |  7- 9 | 10-12 || total
---------------------------+-------+-------+-------+-------++-------
  Melee: War axe           |    95 |   262 |   210 |     7 ||   574
         Battleaxe         |       |       |       |   247 ||   247
  Throw: Dart              |     1 |       |    10 |     7 ||    18
 Invoke: Convert to Beogh  |       |       |     1 |       ||     1
  Evoke: Wand              |       |       |     3 |    16 ||    19
    Use: Scroll            |       |       |     8 |     2 ||    10
         Potion            |       |       |       |     2 ||     2
   Stab: Betrayed ally     |       |       |       |     1 ||     1
 Armour: Scale mail        |    38 |       |       |       ||    38
         Chain mail        |     1 |   109 |    54 |       ||   164
         Acid dragon scale |       |       |    28 |   109 ||   137
  Dodge: Dodged            |    30 |    61 |    62 |   160 ||   313
  Block: Buckler           |    16 |   127 |   112 |     8 ||   263
         Reflection        |       |       |    12 |     2 ||    14
         Other             |       |       |       |    62 ||    62

Table legend: (Time is in decaauts)
 A = Elapsed time spent in this place.
 B = Non-inter-level travel time spent in this place.
 C = Inter-level travel time spent in this place.
 D = Time resting spent in this place.
 E = Time spent auto-exploring this place.
 F = Levels seen in this place.
 G = Mean time per level.
                   A        B        C        D        E       F      G
               +--------+--------+--------+--------+--------+-----+--------+
         Total |  10535 |   9772 |    763 |   1511 |   5772 |  14 |  752.5 |
       Dungeon |   9893 |   9130 |    763 |   1396 |   5588 |  12 |  824.4 |
         Sewer |    468 |    468 |      0 |      0 |    184 |   1 |  468.0 |
      Ice Cave |    172 |    172 |      0 |    115 |      0 |   1 |  172.0 |
               +--------+--------+--------+--------+--------+-----+--------+

Top non-repeatable levels by time:
     D:6: 1317 daAuts
     D:9: 1161 daAuts
     D:5: 1073 daAuts
     D:1: 980 daAuts
     D:8: 918 daAuts
     D:2: 878 daAuts
     D:4: 842 daAuts
     D:7: 791 daAuts
     D:3: 685 daAuts
    D:12: 476 daAuts
   Sewer: 468 daAuts
    D:10: 441 daAuts
    D:11: 328 daAuts
   IceCv: 172 daAuts
